 Dungeon Crawl Stone Soup version 0.21.1-1-g345015fe64 (webtiles) character file.

6282 JOKERXD40 the Basher (level 10, -3/88 HPs)
             Began as a Hill Orc Fighter on June 8, 2018.
             Was an Elder of Okawaru.
             Slain by an ettin
             ... wielding a +0 dire flail
              (8 damage)
             ... on level 11 of the Dungeon.
             The game lasted 00:47:21 (8043 turns).

JOKERXD40 the Basher (Hill Orc Fighter)             Turns: 8043, Time: 00:47:22

Health: -3/88      AC: 18    Str: 23    XL:     10   Next: 94%
Magic:  10/10      EV:  6    Int: 10    God:    Okawaru [****..]
Gold:   321        SH: 12    Dex: 10    Spells: 9/9 levels left

rFire    . . .     SeeInvis +   L - +8 flail of the Brain {protect, rPois Int+2}
rCold    . . .     Gourm    .   c - +0 shield
rNeg     . . .     Faith    .   s - +0 plate armour
rPois    +         Spirit   .   b - +1 helmet
rElec    .         Reflect  .   (no cloak)
rCorr    .         Harm     .   H - +0 pair of gloves
MR       .....                  u - +0 pair of boots
Stlth    ..........             M - amulet of regeneration
HPRegen  0.64/turn              m - ring of see invisible
MPRegen  0.12/turn              (no ring)

@: about to teleport
A: no striking features
a: Heroism, Renounce Religion


You were on level 11 of the Dungeon.
You worshipped Okawaru.
Okawaru was greatly pleased with you.
You were hungry.

You visited 3 branches of the dungeon, and saw 13 of its levels.

You collected 561 gold pieces.
You spent 240 gold pieces at shops.

Inventory:

Hand Weapons
 v - a +0 dagger of flaming
 z - a +0 blowgun
 D - a +2 war axe of distortion
 J - a +2 shortbow of freezing
 L - the +8 flail of the Brain (weapon) {protect, rPois Int+2}
   (You found it on level 9 of the Dungeon)

   It protects the one who uses it against injury (+AC on strike).
   It affects your intelligence (+2).
   It protects you from poison.
Missiles
 h - 60 poisoned needles
 k - 208 stones (quivered)
 x - 322 arrows
Armour
 b - a +1 helmet (worn)
 c - a +0 shield (worn)
 s - a +0 plate armour (worn)
 u - a +0 pair of boots (worn)
 H - a +0 pair of gloves (worn)
Jewellery
 m - a ring of see invisible (left hand)
 M - an amulet of regeneration (around neck)
Wands
 w - a wand of flame (45)
 F - a wand of paralysis (12)
 N - a wand of polymorph (5)
 R - a wand of acid (3)
Scrolls
 g - 6 scrolls of teleportation
 i - 2 scrolls of fog
 j - a scroll of identify
 o - a scroll of fear {unknown}
 q - a scroll of blinking {unknown}
 r - 3 scrolls of enchant weapon {unknown}
 t - 2 scrolls of magic mapping {unknown}
 y - a scroll of brand weapon {unknown}
 C - 3 scrolls of remove curse {unknown}
 E - 2 scrolls of immolation {unknown}
 I - 2 scrolls of random uselessness {unknown}
 Q - a scroll of amnesia {unknown}
Potions
 a - a potion of flight
 e - a potion of heal wounds
 l - 6 potions of curing
 n - 4 potions of haste
 p - 2 potions of agility {unknown}
 A - a potion of mutation {unknown}
 B - 3 potions of resistance
 G - a potion of might
 K - a potion of brilliance {unknown}
 O - a potion of ambrosia {unknown}
 P - 2 potions of degeneration {unknown}
Books
 d - a book of Geomancy

   Spells                             Type                      Level
   a - Sandblast                      Earth                        1
   b - Passwall                       Transmutation/Earth          2
   c - Stone Arrow                    Conjuration/Earth            3
   d - Petrify                        Transmutation/Earth          4
   e - Lee's Rapid Deconstruction     Earth                        5
Comestibles
 f - 21 rations


   Skills:
 + Level 7.7 Fighting
 + Level 11.6 Maces & Flails
 + Level 0.3 Throwing
 + Level 7.8 Armour
 + Level 1.5 Dodging
 + Level 1.0 Stealth
 + Level 9.6 Shields
 + Level 1.3 Invocations


You had 9 spell levels left.
You didn't know any spells.

Dungeon Overview and Level Annotations

Branches:
Dungeon (11/15)            Temple (1/1) D:6             Orc (1/2) D:11
   Lair: D:8-11

Altars:
Ashenzari
Cheibriados
Dithmenos
Fedhas
Gozag
Kikubaaqudgha
Makhleb
Nemelex Xobeh
Okawaru
Qazlal
Ru
Sif Muna
Trog
Uskayaw
Vehumet
Wu Jian
Yredelemnul
Zin
The Shining One

Shops:
D:6 [   D:10 }


Message History

There is a staircase to the Orcish Mines here.
Okay, then.
You feel much better. You block the orc sorcerer's attack.
You feel much better. The ettin hits you with a dire flail.
The ettin hits you but does no damage. You block the orc sorcerer's attack.
As you read the scroll of teleportation, it crumbles to dust.
You feel strangely unstable. You block the ettin's attack.
The ettin hits you with a dire flail.
The orc sorcerer hits you but does no damage.
You are feeling hungry.
Your shield and plate armour prevent you from hitting the orc sorcerer.
The orc sorcerer is severely wounded.
The ettin hits you with a dire flail! The ettin barely misses you.
The orc sorcerer hits you but does no damage.
You closely miss the orc sorcerer.
The orc sorcerer is severely wounded.
The ettin hits you with a dire flail!!
* * * LOW HITPOINT WARNING * * *
The ettin hits you with a dire flail!
You die...

#.#######'### #.#
#.######## #.# #.........
###.### #..######.
####.....#####..#....#
#.....8.....##..#<.#.#
##...........##..####.#
+####......o..............#
......8....@..[.8..#.######
...........C......##.#
>....#...........###.#
.....#.....8.....# #.#
#+########.....#### #.#
#............### #.#
#.........[.#########.#
#.......)[).'..)......#
##........).##.....####


You could see an ettin and an orc sorcerer.

Vanquished Creatures
  2 centaur skeletons (D:10)
  A troll (D:9)
  Sigmund (D:5)
  A yak (D:8)
  A hungry ghost (D:9)
  Menkaure (D:7)
  7 orc warriors
  A sky beast (D:10)
  A phantom (D:9)
  2 necrophages (D:7)
  A black bear (D:8)
  11 centaurs
  3 big kobolds
  5 bullfrogs
  16 killer bees
  2 scorpions
  9 wights
  9 crimson imps
  A bullfrog zombie (D:7)
  A centaur zombie (D:6)
  3 hounds
  A quasit (D:8)
  4 orc priests
  A bullfrog skeleton (D:10)
  A gnoll shaman (D:7)
  9 orc wizards
  Natasha (thrice) (D:4)
  2 iguanas
  5 worker ants
  A hound zombie (D:11)
  2 mummies (D:7)
  A howler monkey zombie (D:6)
  10 adders
  8 gnolls
  A shadow imp (D:6)
  An ooze (D:3)
  4 worms
  A leopard gecko (D:5)
  45 orcs
  8 giant cockroaches
  7 goblins
  4 hobgoblins
  5 jackals
  A quokka (D:10)
  10 bats
  4 frilled lizards
  14 kobolds
  A leopard gecko skeleton (D:4)
  A quokka skeleton (D:7)
  A quokka zombie (D:5)
  10 rats
  A withered plant (D:7)
246 creatures vanquished.

Notes
Turn   | Place    | Note
-------+----------+-------------------------------------------
     0 | D:1      | JOKERXD40 the Hill Orc Fighter began the quest for the Orb.
     0 | D:1      | Reached XP level 1. HP: 19/19 MP: 1/1
   130 | D:1      | Reached XP level 2. HP: 27/27 MP: 2/2
   217 | D:1      | Reached XP level 3. HP: 22/33 MP: 3/3
  1073 | D:2      | Reached skill level 3 in Maces & Flails
  1081 | D:2      | Found a sacrificial altar of Ru.
  1101 | D:2      | Reached XP level 4. HP: 40/40 MP: 4/4
  1105 | D:2      | Found an opulent altar of Gozag.
  1520 | D:3      | Found a shattered altar of Ashenzari.
  1555 | D:3      | Reached XP level 5. HP: 42/46 MP: 5/5
  1562 | D:3      | Reached skill level 4 in Maces & Flails
  1906 | D:4      | Noticed Natasha
  1916 | D:4      | Killed Natasha
  1978 | D:4      | Reached skill level 5 in Maces & Flails
  1978 | D:4      | Reached XP level 6. HP: 32/53 MP: 6/6
  2045 | D:4      | Noticed Natasha
  2056 | D:4      | Killed Natasha
  2216 | D:4      | Noticed Natasha
  2221 | D:4      | Killed Natasha
  2229 | D:5      | Entered Level 5 of the Dungeon
  2244 | D:5      | Reached skill level 6 in Maces & Flails
  2244 | D:5      | Reached XP level 7. HP: 12/60 MP: 7/7
  2353 | D:5      | Reached skill level 5 in Shields
  2813 | D:5      | Noticed Sigmund
  2821 | D:5      | Killed Sigmund
  2821 | D:5      | Reached skill level 5 in Armour
  3040 | D:6      | Reached XP level 8. HP: 52/67 MP: 8/8
  3050 | D:6      | Reached skill level 5 in Fighting
  3050 | D:6      | Reached skill level 7 in Maces & Flails
  3401 | D:6      | Found a staircase to the Ecumenical Temple.
  3407 | Temple   | Entered the Ecumenical Temple
  3554 | Temple   | Became a worshipper of Warmaster Okawaru
  3600 | D:6      | Found Kunn's Antique Armour Emporium.
  3614 | D:6      | Bought a glowing helmet for 240 gold pieces
  3627 | D:7      | Found a hide-covered altar of Uskayaw.
  4151 | D:7      | Reached skill level 8 in Maces & Flails
  4432 | D:7      | Reached * piety under Okawaru
  4481 | D:7      | Reached skill level 1 in Dodging
  4481 | D:7      | Reached XP level 9. HP: 41/74 MP: 9/9
  4828 | D:7      | Found a sparkling altar of Nemelex Xobeh.
  4882 | D:7      | Found an ornate altar of the Wu Jian Council.
  5084 | D:7      | Noticed Menkaure
  5097 | D:7      | Killed Menkaure
  5201 | D:8      | Found a basalt altar of Yredelemnul.
  5219 | D:8      | Found a burning altar of Makhleb.
  5264 | D:8      | Reached skill level 9 in Maces & Flails
  5298 | D:8      | Noticed a death yak
  5304 | D:8      | Noticed a death yak
  5314 | D:8      | Reached ** piety under Okawaru
  5599 | D:8      | Reached skill level 1 in Invocations
  5635 | D:8      | Noticed a death yak
  5737 | D:9      | Got an iridescent flail
  5739 | D:9      | Identified the +8 flail of the Brain {protect, rPois Int+2} (You found it on level 9 of the Dungeon)
  5765 | D:9      | Reached skill level 10 in Maces & Flails
  6104 | D:9      | Reached *** piety under Okawaru
  6104 | D:9      | Reached XP level 10. HP: 81/84 MP: 10/10
  6802 | D:9      | Noticed a moth of wrath
  6805 | D:9      | Found a bloodstained altar of Trog.
  7083 | D:10     | Entered Level 10 of the Dungeon
  7105 | D:10     | Found Poheb's Gadget Emporium.
  7281 | D:10     | Reached **** piety under Okawaru
  7528 | D:11     | Reached skill level 11 in Maces & Flails
  7531 | D:11     | Received a gift from Okawaru
  7553 | D:11     | Reached skill level 1 in Stealth
  7800 | D:11     | Found a staircase to the Orcish Mines.
  8026 | Orc:1    | Entered Level 1 of the Orcish Mines
  8026 | Orc:1    | Noticed an ettin
  8026 | Orc:1    | Noticed an orc sorcerer
  8037 | Orc:1    | HP: 4/88 [ettin/dire flail (24)]
  8043 | D:11     | Slain by an ettin

Skill      XL: |  1  2  3  4  5  6  7  8  9 10 |
---------------+-------------------------------+-----
Maces & Flails | 3 5 6 8 10 11 | 11.6
Fighting       | 4 5 6 7 |  7.7
Shields        | 4 5 6 7 9 |  9.6
Armour         | 4 5 6 7 |  7.8
Dodging        | 1 |  1.5
Invocations    | 1 |  1.3
Stealth        | 1 |  1.0
Throwing       | |  0.3

Action                   |  1- 3 |  4- 6 |  7- 9 | 10-12 || total
-------------------------+-------+-------+-------+-------++-------
Melee: Flail             |   126 |   165 |   460 |   275 ||  1026
Throw: Stone             |       |       |     6 |       ||     6
Invok: Heroism           |       |       |     1 |       ||     1
  Use: Potion            |     1 |       |     2 |     3 ||     6
       Scroll            |     4 |       |    10 |     1 ||    15
  Eat: Chunk             |     1 |       |     3 |     8 ||    12
       Ration            |       |     1 |     3 |       ||     4
Armor: Scale mail        |    59 |       |       |       ||    59
       Plate armour      |    14 |    81 |   307 |   150 ||   552
Dodge: Dodged            |    40 |    18 |    99 |    44 ||   201
Block: Shield            |    80 |    74 |   290 |   154 ||   598
